 Dungeon Crawl Stone Soup version 0.30-a0-702-gdf48620a09 (webtiles) character file.

Game seed: 12166089969317755500

36 NinjaNoafa the Cutter (level 3, -7/29 HPs)
             Began as a Merfolk Fighter on Jan 21, 2023.
             Mangled by a gnoll
             ... wielding a +0 halberd
              (10 damage)
             ... on level 2 of the Dungeon.
             The game lasted 00:01:54 (984 turns).

NinjaNoafa the Cutter (Merfolk Fighter)              Turns: 984, Time: 00:01:54

Health: -7/29      AC:  6    Str: 16    XL:     3   Next: 37%
Magic:  3/3        EV:  8    Int:  7    God:
Gold:   53         SH:  5    Dex: 15    Spells: 2/2 levels left

rFire   . . .      SeeInvis .    l - +1 short sword (venom)
rCold   . . .      Faith    .    c - +0 buckler
rNeg    . . .      Spirit   .    b - +0 scale mail
rPois   +          Reflect  .    (no helmet)
rElec   .          Harm     .    (no cloak)
rCorr   .          Rampage  .    (no gloves)
Will    .....                    (no boots) Stlth
                                 (no amulet)
HPRegen 0.24/turn                f - ring of poison resistance
MPRegen 0.08/turn                (no ring)

@: weak-willed
A: (nimble swimmer 2), mertail
a: no special abilities


You were on level 2 of the Dungeon.
You visited 1 branch of the dungeon, and saw 2 of its levels.

You collected 53 gold pieces.

Inventory:

Hand Weapons
 a - a +0 rapier
 l - a +1 short sword of venom (weapon)
Armour
 b - a +0 scale mail (worn)
 c - a +0 buckler (worn)
Jewellery
 f - a ring of poison resistance (left hand)
Scrolls
 m - a scroll of teleportation {unknown}
Potions
 d - a potion of might
 g - 2 potions of curing {unknown}
 i - 3 potions of cancellation {unknown}
 k - a potion of attraction {unknown}
 n - a potion of heal wounds {unknown}


   Skills:
 - Level 3.2 Fighting
 + Level 4.5 Short Blades
 - Level 2.1 Armour
 - Level 3.0 Shields


You had 2 spell levels left.
You didn't know any spells.
Your spell library was empty.

Dungeon Overview and Level Annotations

Branches:
Dungeon (2/15)

Altars:


Innate Abilities, Weirdness & Mutations

((You are very nimble when in or above water. (Stealth+, EV+, Speed+++)))
Your lower body shifts to a powerful aquatic tail in water.


Message History

There is a stone staircase leading down here.
You climb downwards.
The hobgoblin shouts!
There is a stone staircase leading up here.
A hobgoblin is nearby!
A hobgoblin is nearby!
A hobgoblin is nearby!
A worm comes into view.
A goblin comes into view. It is wielding a +0 club.
A sourceless malevolence fills the Dungeon... and a teleportation trap spontaneously manifests!
You are yanked towards some nearby monsters!
Your surroundings suddenly seem different. 4 gnolls, a rat and a frilled lizard come into view.
Found a black potion and a great sword.
Found a stone staircase leading up.
The gnoll shouts! x3
The rat closely misses you.
The goblin moves out of view.
The rat bites you but does no damage.
A rat comes into view.
The gnoll hits you from afar with a +0 halberd!
The gnoll closely misses you. The gnoll hits you but does no damage.
As you read the scroll labelled ANAUTE HEKI, it crumbles to dust.
It is a scroll of identify.
h - a scroll of fog You block the rat's attack.
The gnoll hits you from afar with a +0 halberd.
The gnoll closely misses you. The gnoll hits you with a +0 flail!
The gnoll attacks as you move away! The gnoll hits you with a +0 flail.
* * * LOW HITPOINT WARNING * * *
The rat attacks as you move away! The rat barely misses you.
As you read the scroll of fog, it crumbles to dust.
The scroll dissolves into smoke.
The rat bites you.
* * * LOW HITPOINT WARNING * * *
You block the gnoll's attack. The rat bites you.
* * * LOW HITPOINT WARNING * * *
As you read the scroll labelled JYLLEA SIUSCH, it crumbles to dust.
Magic quickly surges around you.
It was a scroll of vulnerability.
You block the rat's attack. x2
The gnoll hits you from afar with a +0 halberd!
You die...

...####.)..
#.......... .
#.......... ..
#.......... ...
#.......... #...
#...g...... #....
###§g......
#.....###g§l.....
#......@rg§...#..
####..§§r§§.....#
#..§§§§§....#.
#.......##.#..
#.......# ...#
#.......# ...
........# ##
..........


You could see 2 gnolls and 2 rats.

Vanquished Creatures
  A dart slug (D:1)
  5 ball pythons (D:1)
  4 bats (D:1)
  2 endoplasms (D:1)
  2 goblins (D:1)
  4 hobgoblins (D:1)
  3 jackals (D:1)
  5 kobolds (D:1)
  A frilled lizard (D:1)
  2 rats (D:1)
29 creatures vanquished.

Notes
Turn   | Place    | Note
-------+----------+-------------------------------------------
     0 | D:1      | NinjaNoafa the Merfolk Fighter began the quest for the Orb.
     0 | D:1      | Reached XP level 1. HP: 18/18 MP: 1/1
    78 | D:1      | Reached skill level 3 in Short Blades
    84 | D:1      | Reached XP level 2. HP: 16/24 MP: 2/2
   372 | D:1      | Reached skill level 4 in Short Blades
   465 | D:1      | Reached XP level 3. HP: 27/29 MP: 3/3
   984 | D:2      | Mangled by a gnoll

Illustrated notes

Levels and vault maps discovered:
D:1:      ncdulo_wetmaze, layout_loops_ring, minmay_unequal
D:2:      layout_basic, chequers_garden, minmay_misc_feat_diagonals,
          minmay_misc_feat_columns

Skill      XL: |  1  2 |
---------------+-------+-----
Short Blades   | 3 4 |  4.5
Fighting       | |  3.2
Armour         | |  2.1
Shields        | |  3.0

Action                   || total
-------------------------++-------
Melee: Rapier            ||   102
       Short sword       ||     6
  Use: Scroll            ||     3
Armor: Scale mail        ||    71
Dodge: Dodged            ||    42
Block: Buckler           ||    33

Table legend: (Time is in decaauts)
 A = Elapsed time spent in this place.
 B = Non-inter-level travel time spent in this place.
 C = Inter-level travel time spent in this place.
 D = Time resting spent in this place.
 E = Time spent auto-exploring this place.
 F = Levels seen in this place.
 G = Mean time per level.
                   A        B        C        D        E       F      G
               +--------+--------+--------+--------+--------+-----+--------+
         Total |    983 |    964 |     19 |      0 |    699 |   2 |  491.5 |
       Dungeon |    983 |    964 |     19 |      0 |    699 |   2 |  491.5 |
               +--------+--------+--------+--------+--------+-----+--------+

Top non-repeatable levels by time:
     D:1: 975 daAuts
     D:2: 8 daAuts
